 Dungeon Crawl Stone Soup version 0.29.1-15-g9cfb28693d (webtiles) character file.

Game seed: 11288440436449666823

49 wawda the Trooper (level 3, 0/34 HPs)
             Began as a Naga Fighter on Apr 28, 2023.
             Slain by an orc wizard
             ... wielding a +0 dagger
              (3 damage)
             ... on level 3 of the Dungeon.
             The game lasted 00:06:06 (1073 turns).

wawda the Trooper (Naga Fighter)                    Turns: 1073, Time: 00:06:07

Health: 0/34       AC:  5    Str: 20    XL:     3   Next: 77%
Magic:  3/3        EV:  7    Int:  8    God:
Gold:   138        SH:  4    Dex: 10    Spells: 2/2 levels left

rFire   . . .      SeeInvis +   a - +0 long sword
rCold   . . .      Faith    .   c - +0 buckler
rNeg    . . .      Spirit   .   b - +0 scale mail
rPois   +          Reflect  .   h - +0 helmet
rElec   .          Harm     .   (no cloak)
rCorr   .          Rampage  .   (no gloves)
Will    .....                   (no barding)
Stlth   ..........              (no amulet)
HPRegen 0.11/turn               e - +4 ring of slaying
MPRegen 0.08/turn               (no ring)

@: very slow
A: AC +1, large, see invisible, deformed body, poison resistance, slowness 2,
spit poison 1, naga tail 1
a: Spit Poison


You were on level 3 of the Dungeon.
You visited 1 branch of the dungeon, and saw 3 of its levels.

You collected 138 gold pieces.

Inventory:

Hand Weapons
 a - a +0 long sword (weapon)
Missiles
 f - 10 stones
Armour
 b - a +0 scale mail (worn)
 c - a +0 buckler (worn)
 h - a +0 helmet (worn)
Jewellery
 e - a +4 ring of slaying (left hand)
 o - a ring of ice
Scrolls
 k - a scroll of identify {unknown}
 m - a scroll of butterflies {unknown}
 n - a scroll of teleportation {unknown}
 p - a scroll of amnesia {unknown}
Potions
 d - a potion of might
 g - a potion of mutation {unknown}
 i - 3 potions of curing {unknown}
 j - 2 potions of flight {unknown}
 l - a potion of magic {unknown}


   Skills:
 + Level 3.4 Fighting
 + Level 2.5 Long Blades
 + Level 2.8 Armour
 + Level 0.2 Dodging
 + Level 3.0 Shields


You had 2 spell levels left.
You didn't know any spells.
Your spell library contained the following spells:

 Spells                   Type           Power      Damage    Failure   Level
 Stone Arrow              Conj/Erth      0%         3d7       99%         3
 Animate Armour           Summ/Erth      0%         N/A       100%        4
 Lehudib's Crystal Spear  Conj/Erth      0%         10d2      100%        8


Dungeon Overview and Level Annotations

Branches:
Dungeon (3/15)

Altars:


Innate Abilities, Weirdness & Mutations

Your serpentine skin is tough. (AC +1)
You have supernaturally acute eyesight. (SInv)
Armour fits poorly on your strangely shaped body.
Your system is resistant to poisons. (rPois)
You cover ground very slowly.
You can spit poison.
You have a snake-like lower body.


Message History

The orc hits you with a +0 short sword.
You barely miss the orc.
The orc is almost dead.
You kill the orc!
You block the orc's attack. The orc hits you with a +0 dagger.
The orc completely misses you.
The orc wizard gestures at you while chanting.
You are confused.
The orc barely misses you.
You miss the orc wizard.
The orc wizard hits you with a +0 dagger.
The orc hits you but does no damage. x2
You bump into the rock wall.
The orc wizard hits you with a +0 dagger.
The orc barely misses you. The orc hits you but does no damage.
The orc attacks as you move away! The orc hits you with a +0 dagger.
The orc hits you with a +0 flail.
You closely miss the orc wizard.
You have got your breath back.
The orc wizard completely misses you. The orc hits you but does no damage.
The orc hits you with a +0 flail.
You are too confused!
You barely miss the orc.
You feel less confused. The quokka bites you.
* * * LOW HITPOINT WARNING * * *
The orc hits you but does no damage. The quokka bites you.
* * * LOW HITPOINT WARNING * * *
You slash the orc!
You kill the orc!
The quokka twitches its whiskers.
The quokka bites you.
* * * LOW HITPOINT WARNING * * *
The quokka bites you.
* * * LOW HITPOINT WARNING * * *
The quokka bites you but does no damage.
There is a stone staircase leading down here.
The quokka bites you but does no damage.
The orc wizard hits you with a +0 dagger.
You die...

...############
......o@.......
#.#####.r######
#......o...#
#.....#).#.#
.........#.#
.........# #
.........#
.......†.#
...#.#..<#


You could see an orc wizard (invisible), an orc and a quokka.

Vanquished Creatures
  An adder (D:2)
  2 worms (D:2)
  2 orcs (D:3)
  5 ball pythons
  2 endoplasms
  4 giant cockroaches
  A goblin (D:2)
  4 hobgoblins (D:2)
  A kobold (D:2)
  3 quokkas
  2 bats
  A frilled lizard (D:2)
  A rat (D:1)
29 creatures vanquished.

Notes
Turn   | Place    | Note
-------+----------+-------------------------------------------
     0 | D:1      | wawda the Naga Fighter began the quest for the Orb.
     0 | D:1      | Reached XP level 1. HP: 21/21 MP: 1/1
   293 | D:1      | Reached XP level 2. HP: 28/28 MP: 2/2
   554 | D:2      | Reached XP level 3. HP: 27/34 MP: 3/3
  1073 | D:3      | Slain by an orc wizard

Illustrated notes

Levels and vault maps discovered:
D:1:      spicycebolla_green_bress_n_ham, layout_basic,
          ebering_ecumenical_altar_webs, corexii_hall_statues_i
D:2:      layout_basic, serial_shops, nicolae_shop_competitors_out_of_business,
          shop_statue, minmay_misc_feat_secret_circle, minmay_tromino_i4
D:3:      minmay_goblin_kobold_castle, layout_basic,
          mainiacjoe_overflow_big_doors, uniq_ijyb, uniq_natasha

Skill      XL: |  1  2 |
---------------+-------+-----
Shields        | 3 |  3.0
Fighting       | |  3.4
Long Blades    | |  2.5
Armour         | |  2.8
Dodging        | |  0.2

Action                   || total
-------------------------++-------
Melee: Long sword        ||    49
 Abil: Spit Poison       ||    12
Armor: Scale mail        ||    27
Dodge: Dodged            ||    24
Block: Buckler           ||    14
